 Dungeon Crawl Stone Soup version 0.30-a0-916-g9813417 (webtiles) character file.

Game seed: 8751252398787630624

28 ERRORd11 the Cudgeller (level 3, 0/33 HPs)
             Began as a Minotaur Monk on Apr 3, 2023.
             Slain by Terence
             ... wielding a +0 trident
              (5 damage)
             ... on level 2 of the Dungeon.
             The game lasted 00:01:10 (825 turns).

ERRORd11 the Cudgeller (Minotaur Monk)               Turns: 825, Time: 00:01:11

Health: 0/33       AC:  5    Str: 17    XL:     3   Next: 0%
Magic:  2/2        EV: 11    Int:  7    God:
Gold:   81         SH:  0    Dex: 12    Spells: 2/2 levels left

rFire   . . .      SeeInvis .    a - +0 mace
rCold   . . .      Faith    .    (no shield)
rNeg    . . .      Spirit   .    d - +0 ring mail
rPois   .          Reflect  .    (helmet restricted)
rElec   .          Rampage  .    (no cloak)
rCorr   .                        (no gloves)
Will    .....                    (no boots)
Stlth   +                        (no amulet)
HPRegen 0.25/turn                (no ring)
MPRegen 0.08/turn                (no ring)

@: no status effects
A: horns 2, retaliatory headbutt
a: no special abilities


You were on level 2 of the Dungeon.
You visited 1 branch of the dungeon, and saw 2 of its levels.

You collected 81 gold pieces.

Inventory:

Hand Weapons
 a - a +0 mace (weapon)
Armour
 d - a +0 ring mail (worn)


   Skills:
 + Level 4.0 Fighting
 + Level 4.0 Maces & Flails
 + Level 0.6 Armour
 + Level 3.6 Dodging
 - Level 1.8 Stealth


You had 2 spell levels left.
You didn't know any spells.
Your spell library was empty.

Dungeon Overview and Level Annotations

Branches:
Dungeon (2/15)

Altars:

Annotations:
D:2 Terence


Innate Abilities, Weirdness & Mutations

You have a pair of horns on your head.
You reflexively headbutt those who attack you in melee.


Message History

The bat misses you. Terence hits you but does no damage.
You closely miss Terence.
Terence is lightly wounded.
The bat barely misses you.
Terence zaps a wand.
The puff of flame hits you. The bat closely misses you.
You closely miss Terence.
Terence is lightly wounded.
The bat barely misses you. You furiously retaliate!
You headbutt the bat.
You kill the bat!
Terence hits you with a +0 trident! Terence barely misses you.
You have reached level 3!
Your experience leads to an increase in your attributes!
Increase (S)trength, (I)ntelligence, or (D)exterity?
You feel stronger. x2
You completely miss Terence.
Terence is lightly wounded.
Terence hits you with a +0 trident.
You completely miss Terence.
Terence is lightly wounded.
Terence closely misses you.
You hit Terence but do no damage.
Terence is lightly wounded.
Terence hits you with a +0 trident.
* * * LOW HITPOINT WARNING * * *
You barely miss Terence. You headbutt Terence.
Terence is moderately wounded.
Terence hits you with a +0 trident.
* * * LOW HITPOINT WARNING * * *
You aren't carrying any potions.
You hit Terence but do no damage.
Terence is moderately wounded.
Terence barely misses you.
Terence zaps a wand.
The puff of flame misses you.
You barely miss Terence.
Terence is moderately wounded.
Terence closely misses you.
You hit Terence.
Terence is moderately wounded.
Terence asks, "Do you want it fast or slow?"
Terence hits you with a +0 trident.
You die...

###.......# ####.#
#####.### #.# ## #.# #.#
.. ##+## #.# #. ##...##
#.# #. ##.....## ###.# #
#.##.......## ##.#.#
....##.#.........####....#
....[..'....@@.†.'.......#
....##.#.....†...####....#
. #.##.......## ##.#.# ..
##.....## ###.# ###
##...## #.# ##+## #.# #.#


You could see Terence.

Vanquished Creatures
  A dart slug (D:2)
  4 ball pythons (D:1)
  2 endoplasms (D:1)
  4 goblins
  2 hobgoblins (D:1)
  A quokka (D:1)
  4 bats
  4 frilled lizards (D:1)
  A kobold (D:1)
  3 rats (D:1)
26 creatures vanquished.

Notes
Turn   | Place    | Note
-------+----------+-------------------------------------------
     0 | D:1      | ERRORd11 the Minotaur Monk began the quest for the Orb.
     0 | D:1      | Reached XP level 1. HP: 19/19 MP: 0/0
   178 | D:1      | Reached XP level 2. HP: 21/27 MP: 1/1
   795 | D:2      | Noticed Terence
   819 | D:2      | Reached XP level 3. HP: 16/33 MP: 2/2
   825 | D:2      | Slain by Terence

Illustrated notes

Levels and vault maps discovered:
D:1:      kennysheep_arrival_forest, layout_rooms, serial_forest,
          infiniplex_forest_straight_2, infiniplex_forest_pool,
          infiniplex_forest_lined_room_3, infiniplex_forest_lined_3,
          infiniplex_forest_clump_small, infiniplex_forest_clump_tiny,
          infiniplex_forest_clump_small, chequers_arboretum
D:2:      cheibrodos_fertilizer, layout_loops_corners, uniq_robin,
          uniq_crazy_yiuf_cottage, uniq_terence

Skill      XL: |  1  2 |
---------------+-------+-----
Maces & Flails | 4 |  4.0
Fighting       | 4 |  4.0
Armour         | |  0.6
Dodging        | |  3.6
Stealth        | |  1.8

Action                     || total
---------------------------++-------
  Melee: Mace              ||    63
         Headbutt          ||     6
    Use: Scroll            ||     1
         Potion            ||     1
   Stab: Sleeping          ||     5
 Armour: Robe              ||     9
         Ring mail         ||    10
  Dodge: Dodged            ||    63

Table legend: (Time is in decaauts)
 A = Elapsed time spent in this place.
 B = Non-inter-level travel time spent in this place.
 C = Inter-level travel time spent in this place.
 D = Time resting spent in this place.
 E = Time spent auto-exploring this place.
 F = Levels seen in this place.
 G = Mean time per level.
                   A        B        C        D        E       F      G
               +--------+--------+--------+--------+--------+-----+--------+
         Total |    839 |    808 |     31 |      0 |    629 |   2 |  419.5 |
       Dungeon |    839 |    808 |     31 |      0 |    629 |   2 |  419.5 |
               +--------+--------+--------+--------+--------+-----+--------+

Top non-repeatable levels by time:
     D:1: 722 daAuts
     D:2: 117 daAuts
